 Dungeon Crawl Stone Soup version 0.27-a0-1513-g2aaa0cc67b (webtiles) character file.

Game seed: 7619589738489601932

505 bilbop the Caller (level 7, -2/40 HPs)
             Began as a Kobold Summoner on July 10, 2021.
             Slain by a lemure (4 damage)
             ... led by Pikel
             ... on level 5 of the Dungeon.
             The game lasted 00:18:44 (5216 turns).

bilbop the Caller (Kobold Summoner)                 Turns: 5216, Time: 00:18:45

Health: -2/40      AC: 12    Str: 11    XL:     7   Next: 41%
Magic:  4/12       EV: 16    Int: 18    God:
Gold:   141        SH:  0    Dex: 16    Spells: 7/13 levels left

rFire    . . .     SeeInvis .   a - +4 dagger (drain)
rCold    . . .     Faith    .   (shield restricted)
rNeg     . . .     Spirit   .   s - +2 robe of Incorporation {rElec rC- Str+6}
rPois    .         Reflect  .   x - +0 helmet
rElec    +         Harm     .   r - +0 cloak
rCorr    .         Rampage  .   C - +0 pair of gloves
Will     .....                  h - +0 pair of boots
Stlth    ++++......             y - amulet of the acrobat
HPRegen  0.13/turn              o - ring of protection from cold
MPRegen  0.13/turn              v - +4 ring of protection

@: no status effects
A: small, no large weapons, nightstalker 3
a: no special abilities


You were on level 5 of the Dungeon.
You visited 1 branch of the dungeon, and saw 5 of its levels.

You collected 141 gold pieces.

Inventory:

Hand Weapons
 a - a +4 dagger of draining (weapon)
Armour
 c - a +0 robe
 h - a +0 pair of boots (worn)
 r - a +0 cloak (worn)
 s - the +2 robe of Incorporation (worn) {rElec rC- Str+6}
   (You found it on level 4 of the Dungeon)

   Str:       It affects your strength (+6).
   rC:        It makes you vulnerable to cold.
   rElec:     It insulates you from electricity.
 x - a +0 helmet (worn)
 C - a +0 pair of gloves (worn)
Jewellery
 o - a ring of protection from cold (left hand)
 v - a +4 ring of protection (right hand)
 y - an amulet of the acrobat (around neck)
Scrolls
 b - 2 scrolls of vulnerability {unknown}
 e - 3 scrolls of fear {unknown}
 f - 6 scrolls of identify {unknown}
 g - 4 scrolls of teleportation {unknown}
 i - 2 scrolls of brand weapon {unknown}
 j - a scroll of fog {unknown}
 m - a scroll of torment {unknown}
 p - a scroll of magic mapping {unknown}
 q - a scroll of enchant weapon {unknown}
 u - a scroll of enchant armour {unknown}
 w - a scroll of amnesia {unknown}
 z - a scroll of silence {unknown}
 A - a scroll of immolation {unknown}
Potions
 d - 2 potions of flight {unknown}
 k - a potion of lignification {unknown}
 l - a potion of invisibility {unknown}
 n - a potion of resistance {unknown}
 t - a potion of heal wounds {unknown}
 B - a potion of curing {unknown}


   Skills:
 + Level 2.9 Fighting
 + Level 3.5 Short Blades
 + Level 4.3 Dodging
 + Level 4.9 Stealth
 + Level 3.7 Spellcasting
 + Level 4.9 Summonings


You had 7 spell levels left.
You knew the following spells:

 Your Spells              Type           Power      Damage    Failure   Level
a - Summon Small Mammal   Summ           84%        N/A       1%          1
b - Call Imp              Summ           21%        N/A       3%          2
c - Call Canine Familiar  Summ           21%        N/A       6%          3

Your spell library contained the following spells:

 Spells                   Type           Power      Damage    Failure   Level
 Summon Guardian Golem    Hex/Summ       12%        N/A       17%         3
 Summon Lightning Spire   Summ/Air       12%        N/A       50%         4


Dungeon Overview and Level Annotations

Branches:
Dungeon (5/15)
 Temple: D:4-7

Altars:
Makhleb
Sif Muna
Vehumet
Zin

Annotations:
D:4 exclusion: statue
D:5 Pikel


Innate Abilities, Weirdness & Mutations

You are small and have problems with some larger weapons.
You are completely attuned to the shadows.


Message History

The lemure hits you!
Your hound completely misses Pikel.
Pikel barely misses you. The lemure hits you.
You hit Pikel. You drain Pikel.
Pikel is severely wounded.
The lemure misses you.
Your hound bites Pikel.
The lemure misses you.
A lemure comes into view.
Pikel hits your hound with a +1 whip of electrocution.
Lightning courses through your hound!
Your hound dies!
Your hound's corpse disappears in a puff of smoke!
The lemure closely misses you.
Pikel shouts!
You hit Pikel.
Pikel is severely wounded.
The lemure barely misses you. The lemure hits you but does no damage.
You hit Pikel.
Pikel is almost dead.
Pikel barely misses you. The lemure hits you.
* * * LOW HITPOINT WARNING * * *
The lemure closely misses you. The lemure barely misses you.
You hit Pikel but do no damage. You drain Pikel.
Pikel is almost dead.
Pikel closely misses you. The lemure hits you.
* * * LOW HITPOINT WARNING * * *
The lemure completely misses you.
You hit Pikel but do no damage.
Pikel is almost dead.
Pikel closely misses you. The lemure barely misses you.
The lemure hits you but does no damage.
You hit Pikel.
Pikel is almost dead.
The lemure hits you but does no damage. The lemure hits you.
* * * LOW HITPOINT WARNING * * *
The lemure misses you. Pikel closely misses you.
You barely miss Pikel.
Pikel is almost dead.
The lemure hits you.
* * * LOW HITPOINT WARNING * * *
The lemure hits you.
You die...

#......# ....#
#.....)# ....#
#.$....##
....##########........
...............5@5...#
...............K55.#.
..................##
................$..#
###...†.........?..#
###########......#
##.##### . .<.> #
##...


You could see Pikel (drained) and 4 lemures.

Vanquished Creatures
  An ogre (D:4)
  2 hounds
  A gnoll (D:2)
  6 adders
  An ufetubus (D:4)
  2 worms (D:2)
  A dart slug (D:3)
  An orc (D:4)
  5 endoplasms
  2 giant cockroaches
  5 hobgoblins
  6 jackals
  8 kobolds
  3 quokkas
  6 ball pythons
  7 bats
  A frilled lizard (D:2)
  7 goblins
  3 rats
68 creatures vanquished.

Vanquished Creatures (collateral kills)
  2 ogres (D:4)
  A phantom (D:4)
  A centaur skeleton (D:5)
  An iguana (D:4)
  2 adders (D:3)
  2 dart slugs
  An orc (D:3)
  3 ball pythons
  A bat (D:1)
  A giant cockroach (D:1)
  2 hobgoblins
  2 quokkas (D:4)
  2 goblins
  A kobold (D:4)
22 creatures vanquished.

Grand Total: 90 creatures vanquished

Notes
Turn   | Place    | Note
-------+----------+-------------------------------------------
     0 | D:1      | bilbop the Kobold Summoner began the quest for the Orb.
     0 | D:1      | Reached XP level 1. HP: 10/10 MP: 3/3
   409 | D:1      | Reached XP level 2. HP: 16/16 MP: 5/5
   782 | D:1      | Reached XP level 3. HP: 20/20 MP: 6/6
   785 | D:1      | Learned a level 2 spell: Call Imp
   878 | D:1      | Found a faded altar of an unknown god.
   986 | D:1      | Reached skill level 1 in Short Blades
  1791 | D:2      | Reached skill level 1 in Fighting
  1838 | D:2      | Reached XP level 4. HP: 25/25 MP: 6/8
  2889 | D:3      | Reached XP level 5. HP: 26/29 MP: 4/9
  3342 | D:3      | Found a burning altar of Makhleb.
  3735 | D:4      | Noticed an ogre
  3742 | D:4      | Learned a level 3 spell: Call Canine Familiar
  3752 | D:4      | Killed an ogre
  3753 | D:4      | Reached XP level 6. HP: 27/35 MP: 5/10
  3933 | D:4      | Identified the +2 robe of Incorporation {rElec rC- Str+6}
  4297 | D:4      | Noticed an ogre
  4307 | D:4      | Killed an ogre
  4308 | D:4      | Reached XP level 7. HP: 40/40 MP: 7/12
  4573 | D:4      | Found a glowing silver altar of Zin.
  4740 | D:4      | Found a shimmering blue altar of Sif Muna.
  4838 | D:4      | Found a radiant altar of Vehumet.
  5067 | D:5      | Entered Level 5 of the Dungeon
  5186 | D:5      | Noticed Pikel
  5216 | D:5      | HP: 2/40 [lemure[Pikel] (3)]
  5216 | D:5      | Slain by a lemure

Illustrated notes

Levels and vault maps discovered:
D:1:      beargit_arrival_diablo_church, layout_basic,
          hellmonk_ecumenical_altar_zigzags, minmay_misc_feat_plants,
          minmay_unequal
D:2:      layout_loops_corners, minmay_pentomino_p4
D:3:      layout_loops_ring, marbit_many_paths
D:4:      layout_basic, vehumet_statue, zin_treasury,
          mainiacjoe_overflow_alcove_1, hangedman_abyss_or_decor_lesser_grid
D:5:      layout_basic, uniq_pikel

Skill      XL: |  1  2  3  4  5  6 |
---------------+-------------------+-----
Stealth        | 3 4 |  4.9
Short Blades   | 1 2 3 |  3.5
Fighting       | 1 2 |  2.9
Dodging        | 3 4 |  4.3
Spellcasting   | 3 |  3.7
Summonings     | |  4.9

Action                   |  1- 3 |  4- 6 |  7- 9 || total
-------------------------+-------+-------+-------++-------
Melee: Unarmed           |     7 |       |       ||     7
       Dagger            |    51 |    63 |    32 ||   146
 Cast: Summon Small Mamm |    15 |       |       ||    15
       Call Imp          |     4 |    19 |     3 ||    26
       Call Canine Famil |       |     4 |     8 ||    12
 Stab: Sleeping          |    13 |    21 |     2 ||    36
Armor: Robe              |     9 |     6 |    13 ||    28
Dodge: Dodged            |    39 |    28 |    46 ||   113

Table legend: (Time is in decaauts)
 A = Elapsed time spent in this place.
 B = Non-inter-level travel time spent in this place.
 C = Inter-level travel time spent in this place.
 D = Time resting spent in this place.
 E = Time spent auto-exploring this place.
 F = Levels seen in this place.
 G = Mean time per level.
                   A        B        C        D        E       F      G
               +--------+--------+--------+--------+--------+-----+--------+
         Total |   5199 |   5075 |    124 |    171 |   4287 |   5 | 1039.8 |
       Dungeon |   5199 |   5075 |    124 |    171 |   4287 |   5 | 1039.8 |
               +--------+--------+--------+--------+--------+-----+--------+

Top non-repeatable levels by time:
     D:1: 1610 daAuts
     D:4: 1326 daAuts
     D:2: 1072 daAuts
     D:3: 1044 daAuts
     D:5: 145 daAuts
